 Dungeon Crawl Stone Soup version 0.31-a0-214-gb37851dbb3 (webtiles) character file.

Game seed: 4114820469824948936

55 qw the Shooter (level 3, -1/21 HPs)
             Began as a Gargoyle Hexslinger on July 1, 2023.
             Frozen to death by an endoplasm (4 damage)
             ... on level 3 of the Dungeon.
             The game lasted 00:00:34 (1600 turns).

qw the Shooter (Gargoyle Hexslinger)                Turns: 1600, Time: 00:00:34

Health: -1/21      AC:  7    Str: 11    XL:     3   Next: 93%
Magic:  4/4        EV: 11    Int: 13    God:
Gold:   76         SH:  0    Dex: 14    Spells: 3/4 levels left

rFire   . . .        Y - +1 sling
rCold   . . .        (no shield)
rNeg    + . .        e - +0 leather armour
rPois   inf          (no helmet)
rElec   +            (no cloak)
rCorr   .            (no gloves)
SInv    .            b - +0 pair of boots
Will    .....        (no amulet)
Stlth   +            (no ring)
HPRegen 0.23/turn    (no ring)
MPRegen 0.09/turn

%: no passive effects
@: no status effects
A: sickness immunity, AC +3, negative energy resistance 1, electricity
resistance, torment resistance 1, petrification resistance
a: no special abilities


You were on level 3 of the Dungeon.
You visited 1 branch of the dungeon, and saw 3 of its levels.

You collected 76 gold pieces.


Innate Abilities, Weirdness & Mutations

You are immune to sickness and miasma.
Your stone body is resilient. (AC +3)
You are immune to poison.
You resist negative energy. (rN+)
You are resistant to electric shocks. (rElec)
You are resistant to unholy torment.
You are immune to petrification.


   Skills:
 - Level 2.0 Fighting
 + Level 3.7 Ranged Weapons
 - Level 1.5 Dodging
 - Level 1.0 Spellcasting
 - Level 2.6 Hexes


You had 3 spell levels left.
You knew the following spells:

 Your Spells              Type           Power      Damage    Failure   Level
a - Slow                  Hex            28%        N/A       12%         1

Your spell library contained the following spells:

 Spells                   Type           Power      Damage    Failure   Level
 Inner Flame              Hex/Fire       4%         N/A       54%         3
 Portal Projectile        Hex/Tloc       8%         N/A       54%         3
 Cause Fear               Hex            3%         N/A       77%         4

Inventory:

Hand Weapons
 Y - a +1 sling (weapon)
Armour
 b - a +0 pair of boots (worn)
 e - a +0 leather armour (worn)
Potions
 a - a potion of attraction {unknown}
 f - a potion of heal wounds
 i - a potion of enlightenment {unknown}

Dungeon Overview and Level Annotations

Branches:
Dungeon (3/15)

Altars:


Message History

You shoot a sling bullet.
The sling bullet closely misses the orc wizard.
The bat hits you.
An orc comes into view. It is wielding a +0 club.
You shoot a sling bullet. The sling bullet misses the orc wizard.
The bat hits you but does no damage. The bat closely misses you.
You shoot a sling bullet.
The sling bullet barely misses the orc wizard.
The bat hits you but does no damage. x2
The orc wizard hits you with a +0 dagger.
An orc comes into view. It is wielding a +0 club.
The orc wizard barely misses you.
You shoot a sling bullet. The sling bullet hits the orc wizard.
The orc wizard is moderately wounded.
The bat barely misses you. The bat closely misses you. The bat misses you.
The bat barely misses you.
The orc wizard gestures at you while chanting.
You are confused.
An orc comes into view. It is wielding a +0 flail.
The bat hits you but does no damage.
1598 ||| DRINKING potion of curing.
You feel better.
1598 ||| (to cure confusion)
The orc shouts!
The bat hits you but does no damage. The orc hits you with a +0 flail.
The endoplasm hits you but does no damage.
The orc wizard hits you but does no damage.
The bat barely misses you.
You shoot a sling bullet.
The sling bullet barely misses the orc wizard.
The bat barely misses you. The bat hits you.
The orc hits you but does no damage. The endoplasm freezes you.
You are frozen.
The orc wizard hits you but does no damage.
You shoot a sling bullet.
The sling bullet closely misses the orc wizard.
The bat misses you. The orc hits you with a +0 flail!
The endoplasm freezes you.
You are frozen.
You die...

... #.############
.......[###.#######
........##.[......#
..o.....##..#####.#
........##........#
....o..b.#........######
.?....o...............>.
......J..#.#####.#####.#
.....bo@...# #.# #.#
......o.##.# #.# #.#
############ #.#####.#
#.##....# #.##.####
#....# #..#####
#......## ##.####.#.


You could see an orc wizard, 4 orcs, an endoplasm and 2 bats.

Vanquished Creatures
  An adder (D:2)
  A worm (D:2)
  A dart slug (D:2)
  3 endoplasms
  4 giant cockroaches
  9 goblins
  2 hobgoblins (D:1)
  3 jackals (D:2)
  2 kobolds
  2 quokkas (D:1)
  4 ball pythons (D:2)
  3 bats (D:2)
  2 rats
37 creatures vanquished.

Notes
Turn   | Place    | Note
-------+----------+-------------------------------------------
     0 | D:1      | qw the Gargoyle Hexslinger began the quest for the Orb.
     0 | D:1      | Reached XP level 1. HP: 12/12 MP: 2/2
     0 | D:1      | 0 ||| qw: Version: 0.3-a-32-g5962c71
     0 | D:1      | 0 ||| qw: Game counter: 7455
     0 | D:1      | 0 ||| qw: Melee chars always use a shield: true
     0 | D:1      | 0 ||| qw: God list: Okawaru
     0 | D:1      | 0 ||| qw: Allow faded altars: false
     0 | D:1      | 0 ||| qw: Do Orc after clearing Dungeon:15 true
     0 | D:1      | 0 ||| qw: Do second Lair branch before Depths: true
     0 | D:1      | 0 ||| qw: Lair rune preference: random
     0 | D:1      | 0 ||| qw: Goals: Normal
     0 | D:1      | 0 ||| PLANNING D:1-11
    55 | D:1      | Reached XP level 2. HP: 16/16 MP: 3/3
   319 | D:1      | Reached skill level 3 in Ranged Weapons
   820 | D:1      | 820 ||| UPGRADING to +0 leather armour.
   830 | D:1      | 830 ||| DROPPING +0 robe.
   831 | D:1      | 831 ||| READING scroll labelled ATOCSOL SAOJY.
   832 | D:1      | 832 ||| DRINKING 2 fuming ruby potions.
   833 | D:1      | 833 ||| DRINKING 2 lumpy brown potions.
   834 | D:1      | 834 ||| DROPPING scroll of poison.
   835 | D:1      | 835 ||| DROPPING potion of brilliance.
   870 | D:2      | 870 ||| STAIRDANCE
   956 | D:2      | Reached XP level 3. HP: 21/21 MP: 4/4
  1475 | D:2      | 1475 ||| UPGRADING to +0 pair of boots.
  1480 | D:2      | 1480 ||| READING scroll labelled PYUKOO YSHIKK.
  1485 | D:2      | 1485 ||| READING scroll labelled REIWKUR DE POI.
  1486 | D:2      | 1486 ||| DRINKING 2 puce potions.
  1598 | D:3      | 1598 ||| DRINKING potion of curing.
  1598 | D:3      | 1598 ||| (to cure confusion)
  1600 | D:3      | HP: 3/21 [orc/+0 flail (7)]
  1600 | D:3      | Frozen to death by an endoplasm

Levels and vault maps discovered:
D:1:      dpeg_arrival_morbid_curiosity, layout_basic, chequers_jeans
D:2:      layout_basic, grunt_decor_clamped, grunt_ministairs_11
D:3:      layout_basic, pdpol_wu_jian_five_deadly_venoms,
          shapermc_ecumenical_altar_gd, uniq_terence

Skill      XL: |  1  2 |
---------------+-------+-----
Ranged Weapons | 3 |  3.7
Fighting       | 2 |  2.0
Dodging        | |  1.5
Spellcasting   | |  1.0
Hexes          | |  2.6

Action                     || total
---------------------------++-------
   Fire: Sling             ||   135
    Use: Potion            ||     4
         Scroll            ||     3
 Armour: Robe              ||     7
         Leather armour    ||    26
  Dodge: Dodged            ||    62

Table legend:
 A = Non-vault XP
 B = Vault XP
 C = Vault XP percentage of total XP
 D = Non-vault monster count
 E = Vault monster count
 F = Vault count percentage of total count
                 A         B        C        D         E       F
            +---------+---------+-------+---------+---------+-------
      Total |      65 |      14 |  17.7 |      30 |       7 |  18.9
            +---------+---------+-------+---------+---------+-------
        D:1 |      13 |      12 |  48.0 |       7 |       6 |  46.2
        D:2 |      48 |       2 |   4.0 |      21 |       1 |   4.5
        D:3 |       4 |       0 |   0.0 |       2 |       0 |   0.0
            +---------+---------+-------+---------+---------+-------
